 Dungeon Crawl Stone Soup version 0.28-a0-925-gd5e1996cdb (webtiles) character file.

Game seed: 6117575854099774716

2069 Zonian the Covert (level 9, -5/45 HPs)
             Began as a Vine Stalker Brigand on Nov 27, 2021.
             Was a Follower of Dithmenos.
             Hit by a stone thrown by a gnoll sergeant (9 damage)
             ... on level 7 of the Dungeon.
             The game lasted 00:20:52 (7008 turns).

Zonian the Covert (Vine Stalker Brigand)            Turns: 7008, Time: 00:20:53

Health: -5/45      AC:  2    Str: 15    XL:     9   Next: 26%
Magic:  0/12       EV: 18    Int: 11    God:    Dithmenos [*.....]
Gold:   187        SH:  0    Dex: 18    Spells: 8/8 levels left

rFire   + . .      SeeInvis .   a - +3 dagger
rCold   + . .      Faith    .   (no shield)
rNeg    . . .      Spirit   +   b - +0 robe
rPois   +          Reflect  .   (no helmet)
rElec   .          Harm     .   h - scarf {rC+ rF+}
rCorr   .          Rampage  .   (no gloves)
Will    .....                   (no boots)
Stlth   +++++.....              (no amulet)
HPRegen 0.95/turn               j - +4 ring of evasion
MPRegen 0.13/turn               C - ring of poison resistance

@: weak-willed, wreathed by umbra
A: fangs 3, regeneration 1, magic shield, antimagic bite, no potion heal 2
a: Renounce Religion


You were on level 7 of the Dungeon.
You worshipped Dithmenos.
Dithmenos was aware of your devotion.
You visited 2 branches of the dungeon, and saw 8 of its levels.

You collected 352 gold pieces.
You spent 165 gold pieces at shops.

Inventory:

Hand Weapons
 a - a +3 dagger (weapon)
 v - a +0 hunting sling
 z - a +0 falchion
Missiles
 d - 72 poisoned darts (quivered)
 e - 2 curare-tipped darts
 w - 39 sling bullets
 y - 6 boomerangs
 G - a boomerang of dispersal
Armour
 b - a +0 robe (worn)
 c - a +0 cloak
 h - a scarf of resistance (worn)
 o - a +0 cloak
Jewellery
 j - a +4 ring of evasion (left hand)
 C - a ring of poison resistance (right hand)
Wands
 f - a wand of iceblast (8)
 n - a wand of charming (3)
 x - a wand of flame (13)
Scrolls
 q - 2 scrolls of identify
 r - a scroll of silence
 s - 4 scrolls of amnesia
 t - a scroll of holy word
 A - a scroll of magic mapping
 F - a scroll of enchant armour {unknown}
Potions
 g - 2 potions of might
 i - 6 potions of curing
 k - a potion of haste {unknown}
 l - 2 potions of ambrosia {unknown}
 m - 3 potions of cancellation {unknown}
 p - 3 potions of heal wounds {unknown}
 u - a potion of degeneration {unknown}
 D - 2 potions of mutation
 E - a potion of invisibility {unknown}


   Skills:
 + Level 4.0 Fighting
 + Level 5.9 Short Blades
 + Level 1.8 Throwing
 + Level 3.9 Dodging
 + Level 10.3 Stealth
 * Level 3.3 Invocations
 + Level 0.4 Evocations


You had 8 spell levels left.
You didn't know any spells.
Your spell library contained the following spells:

 Spells                   Type           Power      Damage    Failure   Level
 Magic Dart               Conj           0%         1d3       34%         1
 Searing Ray              Conj           0%         2d4       47%         2
 Dazzling Flash           Conj/Hex       0%         N/A       71%         3
 Gell's Gravitas          Tloc           0%         N/A       71%         3
 Teleport Other           Tloc           0%         N/A       71%         3
 Fulminant Prism          Conj/Hex       0%         3d6       98%         4
 Iskenderun's Mystic Bla  Conj/Tloc      0%         2d3       98%         4
 Agony                    Necr           0%         N/A       100%        5
 Lee's Rapid Deconstruct  Erth           0%         3d5*      100%        5
 Silence                  Hex/Air        0%         N/A       100%        5
 Dispersal                Tloc           0%         N/A       100%        6
 Borgnjor's Revivificati  Necr           0%         N/A       100%        8
 Necromutation            Tmut/Necr      0%         N/A       100%        8
 Death's Door             Necr           0%         N/A       100%        9


Dungeon Overview and Level Annotations

Branches:
Dungeon (7/15)             Temple (1/1) D:5

Altars:
Cheibriados
Dithmenos
Gozag
Hepliaklqana
Kikubaaqudgha
Okawaru
Qazlal
Ru
Sif Muna
Uskayaw
Vehumet
Xom
Yredelemnul
Zin

Shops:
D:6 !

Annotations:
D:3 Ninjinzu's ghost, amateur TrWr
D:5 3 runed translucent doors, Libra00's ghost, novice TrBe; frimble's ghost, novice MiWr
D:7 Prince Ribbit


Innate Abilities, Weirdness & Mutations

You have razor-sharp teeth.
Your natural rate of healing is unusually fast.
When hurt, damage is shared between your health and your magic reserves.
Your bite disrupts and absorbs the magic of your enemies.
Potions cannot restore your health.


Message History

The hornet barely misses you.
You barely miss the hornet. You bite the hornet. You drain its power.
You feel invigorated.
The hornet is severely wounded.
The hornet barely misses you. The hornet stings you!
You hit the hornet but do no damage. You bite the hornet. You drain its power.
You feel invigorated.
The hornet is almost dead.
The gnoll sergeant drinks a potion.
The gnoll sergeant suddenly seems more resistant.
The hornet misses you.
You hit the hornet but do no damage.
The hornet is almost dead.
The gnoll sergeant barely misses you. The hornet barely misses you.
You barely miss the hornet. Your bite misses the hornet.
The hornet is almost dead.
The hornet stings you!
* * * LOW HITPOINT WARNING * * *
You hit the hornet but do no damage. Your bite misses the hornet.
The hornet is almost dead.
The gnoll sergeant throws a stone.
The stone hits you.
* * * LOW HITPOINT WARNING * * *
The hornet misses you.
You hit the hornet but do no damage. Your bite misses the hornet.
The hornet is almost dead.
The gnoll sergeant throws a stone.
The stone hits you.
* * * LOW HITPOINT WARNING * * *
The hornet barely misses you.
You hit the hornet. You bite the hornet, but do no damage.
The hornet is almost dead.
The hornet stings you.
* * * LOW HITPOINT WARNING * * *
The gnoll sergeant hits you from afar with a +0 spear of venom!
* * * LOW HITPOINT WARNING * * *
You hit the hornet.
The hornet is almost dead.
The hornet closely misses you. The hornet closely misses you.
The gnoll sergeant throws a stone.
The stone hits you!
You die...

#.#.########## #... # #.#.# #.#..
...#### ### ...#.#.#.# ...#.#
#..##.. ..# ......<#.###.#.#.#
#..##.# #.# ...#...#.#.. #.#.#
#..##.# #.# .#...#.#.#.# #.#.#
#.†##.# #.# .#.$##.#.#.# #)#.#
#..##.# #.# .......#.#.###.#.#
#..##.# #.#
###$#..#.#.)<#.#@######..##.###.#
.(.......[..[[...y...............
###...........#.######.....#####
##(...########g# ##.########
.......... ... ...........
####...... ...## #...######## #
#$...... ..... #..##...##.. #
#....#......... #..#.#(#(##. #
#.#..#.######## ...# .#..(#.


You could see a hornet (weak-willed) and a gnoll sergeant (resistant).

Vanquished Creatures
  A water moccasin (D:6)
  A black bear (D:4)
  An ogre (D:5)
  A sky beast (D:7)
  2 centaurs (D:6)
  4 phantoms
  2 scorpions
  A wyvern skeleton (D:7)
  3 killer bees
  3 wights (D:7)
  2 howler monkeys (D:7)
  3 bullfrog zombies
  A centaur zombie (D:6)
  3 hounds
  2 jellies
  3 iguanas
  3 orc wizards (D:7)
  2 killer bee zombies
  2 hound skeletons
  2 gnolls (D:6)
  2 adders
  2 howler monkey skeletons (D:7)
  A shadow imp (D:5)
  A white imp (D:6)
  2 adder skeletons (D:4)
  A worm (D:2)
  4 dart slugs
  8 orcs
  6 ball pythons
  7 bats
  10 endoplasms
  7 giant cockroaches
  10 goblins
  13 hobgoblins
  A quokka (D:1)
  4 frilled lizards
  7 kobolds
  3 rats
131 creatures vanquished.

Vanquished Creatures (collateral kills)
  3 gnolls (D:6)
3 creatures vanquished.

Vanquished Creatures (others)
  A killer bee (D:7)
  5 withered plants (D:5)
6 creatures vanquished.

Grand Total: 140 creatures vanquished

Notes
Turn   | Place    | Note
-------+----------+-------------------------------------------
     0 | D:1      | Zonian the Vine Stalker Brigand began the quest for the
                  | Orb.
     0 | D:1      | Reached XP level 1. HP: 11/11 MP: 2/2
    36 | D:1      | Reached skill level 5 in Stealth
   225 | D:1      | Reached XP level 2. HP: 13/15 MP: 3/3
   676 | D:1      | Found a faded altar of an unknown god.
   715 | D:1      | Reached XP level 3. HP: 18/18 MP: 4/4
  1199 | D:2      | Reached skill level 1 in Dodging
  1433 | D:2      | Reached skill level 6 in Stealth
  1903 | D:3      | Gained mutation: Your natural rate of healing is unusually
                  | fast. [Vine Stalker growth]
  1903 | D:3      | Reached XP level 4. HP: 23/23 MP: 5/5
  1912 | D:3      | Noticed a phantom
  2059 | D:3      | Noticed an orc warrior
  2063 | D:3      | Noticed Ninjinzu's ghost (amateur TrWr)
  2180 | D:3      | Found a runed translucent gate.
  2181 | D:3      | Found a runed translucent gate.
  2181 | D:3      | Found a runed translucent gate.
  2184 | D:3      | Noticed a phantom
  2409 | D:2      | Killed a phantom
  2410 | D:2      | Reached XP level 5. HP: 19/26 MP: 3/6
  2619 | D:3      | Reached skill level 7 in Stealth
  2739 | D:3      | Killed a phantom
  2740 | D:3      | Reached XP level 6. HP: 26/30 MP: 5/7
  3680 | D:4      | Noticed a black bear
  3686 | D:4      | Killed a black bear
  3687 | D:4      | Reached skill level 8 in Stealth
  3687 | D:4      | Reached XP level 7. HP: 35/35 MP: 8/8
  3746 | D:5      | Entered Level 5 of the Dungeon
  3762 | D:5      | Found a staircase to the Ecumenical Temple.
  3810 | Temple   | Entered the Ecumenical Temple
  3904 | Temple   | Became a worshipper of Dithmenos the Shadowed
  4013 | D:5      | Reached skill level 9 in Stealth
  4366 | D:5      | Found a sacrificial altar of Ru.
  4604 | D:5      | Found a runed translucent gate.
  4607 | D:5      | Found a runed translucent gate.
  4608 | D:5      | Found a runed translucent gate.
  4608 | D:5      | Noticed Libra00's ghost (novice TrBe)
  4608 | D:5      | Noticed frimble's ghost (novice MiWr)
  4648 | D:6      | Found Ulungaohu's Distillery.
  4651 | D:6      | Gained mutation: You have razor-sharp teeth. [Vine Stalker
                  | growth]
  4651 | D:6      | Reached XP level 8. HP: 40/40 MP: 9/9
  4699 | D:6      | Bought a potion of curing for 45 gold pieces
  4699 | D:6      | Bought a potion of mutation for 120 gold pieces
  5053 | D:6      | Reached skill level 1 in Invocations
  5076 | D:6      | Noticed Eustachio
  5152 | D:6      | Reached skill level 5 in Short Blades
  5602 | D:7      | Noticed Prince Ribbit
  5620 | D:6      | Reached * piety under Dithmenos
  6055 | D:7      | Reached skill level 10 in Stealth
  6066 | D:7      | Reached XP level 9. HP: 37/45 MP: 8/12
  6370 | D:7      | Noticed a hornet
  6847 | D:7      | Found a hide-covered altar of Uskayaw.
  6847 | D:7      | Noticed a +0 falchion
  6847 | D:7      | Noticed a +0 spear
  6848 | D:7      | Noticed a +0 spear
  6850 | D:7      | Noticed a +0 short sword
  6850 | D:7      | Noticed a +0 dagger
  6850 | D:7      | Noticed a +0 dagger
  6885 | D:7      | Noticed a +0 falchion
  6886 | D:7      | Noticed a +0 short sword
  7008 | D:7      | Hit by a stone thrown by a gnoll sergeant

Illustrated notes

Levels and vault maps discovered:
D:1:      minmay_arrival_floating_metal, layout_loops_ring,
          shapermc_ecumenical_altar_mp_vishouse
D:2:      layout_loops_ring, minmay_tetromino_i4
D:3:      wad_pebble_path, layout_basic, gammafunk_ghost_split
D:4:      layout_gridville, minmay_increasing_density
D:5:      layout_rooms, mainiacjoe_overflow_alcove_4, temple_fountains,
          gammafunk_ghost_cemetery
D:6:      layout_basic, serial_shops, nicolae_stop_n_shop_1, minmay_holes,
          uniq_eustachio
D:7:      layout_basic, nicolae_uskayaw_en_pointe, uniq_prince_ribbit1
Temple:   regret_index_temple_sphere_string

Skill      XL: |  1  2  3  4  5  6  7  8  9 |
---------------+----------------------------+-----
Stealth        | 5 6 7 8 9 10 | 10.3
Short Blades   | 2 3 4 5 |  5.9
Dodging        | 1 2 3 |  3.9
Fighting       | 2 3 4 |  4.0
Invocations    | 2 3 |  3.3
Throwing       | |  1.8
Evocations     | |  0.4

Action                   |  1- 3 |  4- 6 |  7- 9 || total
-------------------------+-------+-------+-------++-------
Melee: Dagger            |    89 |   128 |   292 ||   509
       Bite              |    22 |    33 |    98 ||   153
Throw: Boomerang         |       |       |     1 ||     1
Evoke: Wand              |       |       |     4 ||     4
  Use: Scroll            |     1 |     7 |     5 ||    13
       Potion            |       |       |     1 ||     1
 Stab: Sleeping          |    13 |    15 |    11 ||    39
       Distracted        |       |     1 |     2 ||     3
Armor: Robe              |    19 |     5 |    18 ||    42
Dodge: Dodged            |    33 |    75 |   218 ||   326

Table legend: (Time is in decaauts)
 A = Elapsed time spent in this place.
 B = Non-inter-level travel time spent in this place.
 C = Inter-level travel time spent in this place.
 D = Time resting spent in this place.
 E = Time spent auto-exploring this place.
 F = Levels seen in this place.
 G = Mean time per level.
                   A        B        C        D        E       F      G
               +--------+--------+--------+--------+--------+-----+--------+
         Total |   6951 |   6570 |    381 |   1599 |   2687 |   8 |  868.9 |
       Dungeon |   6843 |   6475 |    368 |   1599 |   2609 |   7 |  977.6 |
        Temple |    107 |     94 |     13 |      0 |     78 |   1 |  107.0 |
               +--------+--------+--------+--------+--------+-----+--------+

Top non-repeatable levels by time:
     D:6: 1216 daAuts
     D:1: 1178 daAuts
     D:3: 1048 daAuts
     D:5: 947 daAuts
     D:7: 927 daAuts
     D:2: 900 daAuts
     D:4: 624 daAuts
  Temple: 107 daAuts
